 Dungeon Crawl Stone Soup version 0.23.2-1-ga50397a (webtiles) character file.

Game seed: 10048049338622058767

153 MajorAdolf the Slasher (level 5, -3/49 HPs)
             Began as a Naga Wanderer on Apr 25, 2019.
             Slain by an ice beast (12 damage)
             ... on level 3 of the Dungeon.
             The game lasted 00:09:15 (2382 turns).

MajorAdolf the Slasher (Naga Wanderer)              Turns: 2382, Time: 00:09:16

Health: -3/49      AC:  6    Str: 14    XL:     5   Next: 35%
Magic:  5/5        EV:  7    Int: 12    God:
Gold:   133        SH:  3    Dex: 12    Spells: 4/4 levels left

rFire    . . .     SeeInvis +   a - +2 falchion
rCold    . . .     Gourm    .   k - +0 buckler
rNeg     + . .     Faith    .   e - +1 ring mail {rN+}
rPois    +         Spirit   .   h - +0 helmet
rElec    .         Reflect  .   (no cloak)
rCorr    .         Harm     .   (no gloves)
MR       .....                  (no barding)
Stlth    ++........             (no amulet)
HPRegen  0.16/turn              (no ring)
MPRegen  0.09/turn              (no ring)

@: very slow
A: large, see invisible, deformed body, poison resistance, slowness 2, slow
metabolism 1, spit poison 1, AC +1
a: Spit Poison


You were on level 3 of the Dungeon.
You were near starving.

You visited 1 branch of the dungeon, and saw 3 of its levels.

You collected 133 gold pieces.

Inventory:

Hand Weapons
 a - a +2 falchion (weapon)
Armour
 e - a +1 ring mail of positive energy (worn)
 h - a +0 helmet (worn)
 j - a +4 ring mail
 k - a +0 buckler (worn)
Jewellery
 d - an uncursed ring of ice {unknown}
Wands
 l - a wand of digging (3)
Scrolls
 c - 2 scrolls of enchant armour
 i - a scroll of amnesia {unknown}
Potions
 b - a potion of lignification
 g - a potion of agility {unknown}
Comestibles
 f - 9 rations
 m - a chunk of flesh


   Skills:
 - Level 3.0 Fighting
 + Level 4.5 Long Blades
 + Level 2.1 Armour
 - Level 4.4 Stealth
 + Level 1.0 Shields
 - Level 1.0 Evocations


You had 4 spell levels left.
You didn't know any spells.
Your spell library was empty.

Dungeon Overview and Level Annotations

Branches:
Dungeon (3/15)

Altars:
Ashenzari


Innate Abilities, Weirdness & Mutations

You cannot wear boots.
Your serpentine skin is tough. (AC +1)
You have supernaturally acute eyesight. (SInv)
Armour fits poorly on your strangely shaped body.
Your system is resistant to poisons. (rPois)
You cover ground very slowly.
You have a slow metabolism.
You can spit poison.


Message History

You hit the ice beast.
The ice beast is moderately wounded.
The ice beast hits you. The ice beast freezes you!
You hit the ice beast.
The ice beast is severely wounded.
The ice beast hits you. The ice beast freezes you.
You hit the ice beast but do no damage.
The ice beast is severely wounded.
The ice beast hits you but does no damage.
You completely miss the ice beast.
The ice beast is severely wounded.
The ice beast hits you. The ice beast freezes you!
* * * LOW HITPOINT WARNING * * *
Unknown command.
You hit the ice beast but do no damage.
The ice beast is severely wounded.
The ice beast hits you.
* * * LOW HITPOINT WARNING * * *
The ice beast freezes you!
You die...

#.# #.# #.# #.# #######
#.# #.# ......# #.# #.#
#####.# #.# #.# #.# #.#
#.#
##.###########.###.##
#...##..............#
#.#<.........@Y#..#.###
#...##.########...#...#
######.# #.#####.#
####### #.# #...#...###
......# #.# ##..#.....#
#####.# #.# ##...#####
#.# #.# #.### #.# #.#
#†# #.# #.# ########.#


You could see an ice beast.

Vanquished Creatures
  2 orc priests
  Robin (D:2)
  2 adders (D:2)
  2 oozes
  2 dart slugs (D:1)
  3 orcs (D:3)
  A ball python (D:1)
  5 bats
  3 giant cockroaches
  10 goblins
  6 hobgoblins
  2 jackals (D:1)
  A quokka (D:2)
  2 frilled lizards
  5 kobolds
  4 rats
51 creatures vanquished.

Notes
Turn   | Place    | Note
-------+----------+-------------------------------------------
     0 | D:1      | MajorAdolf the Naga Wanderer began the quest for the Orb.
     0 | D:1      | MajorAdolf set off with the following items: a +2 falchion,
                  | 2 potions of lignification, a +0 robe, a +0 dagger, a
                  | ration
     0 | D:1      | Reached XP level 1. HP: 21/21 MP: 1/1
   219 | D:1      | Reached XP level 2. HP: 13/28 MP: 2/2
   596 | D:1      | Reached XP level 3. HP: 34/34 MP: 3/3
  1359 | D:2      | Reached skill level 1 in Armour
  1359 | D:2      | Reached XP level 4. HP: 5/42 MP: 4/4
  1421 | D:2      | Noticed Robin
  1462 | D:2      | Killed Robin
  1763 | D:3      | Reached XP level 5. HP: 42/49 MP: 5/5
  1989 | D:2      | Found a shattered altar of Ashenzari.
  2362 | D:3      | Noticed an ice beast
  2382 | D:3      | Slain by an ice beast

Skill      XL: |  1  2  3  4 |
---------------+-------------+-----
Long Blades    | 3 4 |  4.5
Armour         | 1 2 |  2.1
Fighting       | |  3.0
Stealth        | |  4.4
Shields        | |  1.0
Evocations     | |  1.0

Action                   |  1- 3 |  4- 6 || total
-------------------------+-------+-------++-------
Melee: Falchion          |    39 |    44 ||    83
 Abil: Spit Poison       |    25 |    15 ||    40
  Use: Scroll            |       |     2 ||     2
       Potion            |       |     1 ||     1
 Stab: Sleeping          |     1 |     2 ||     3
  Eat: Chunk             |     2 |     2 ||     4
Armor: Robe              |     2 |       ||     2
       Ring mail         |     6 |    24 ||    30
       Skin              |       |    18 ||    18
Dodge: Dodged            |    17 |    16 ||    33
Block: Buckler           |       |     1 ||     1
       Rpst.: Falchion   |     5 |     3 ||     8
